PCL
SPOKANE TRAPPERS @ MEXICO CITY CERVECEROS
05/28/2024
 
TOP OF THE 1ST
Spokane Trappers batting - Pitching for Mexico City Cerveceros : RHP Thomas Hughes
Pitching: RHP Thomas Hughes
Batting: LHB Henry Leroux 0-0: Fly out, F9 (Line Drive, 9S)
Batting: RHB John Craig 0-0: Called Strike
0-1: Called Strike
0-2: Foul Ball, location: 2F
0-2: Ball
1-2: SINGLE (Line Drive, 4M)
Batting: LHB Colin Ives 0-0: Called Strike
John Craig steals 2nd base
0-1: Fly out, F7 (Flyball, 7D)
Runner from 2nd tags up, SAFE at 3rd, no throw
Batting: SHB Esteban Silva 0-0: Ball
1-0: Ball
2-0: Called Strike
2-1: Foul Ball, location: 2F
2-2: Foul Ball, location: 2F
2-2: Ball
3-2: Fly out, F4 (Line Drive, 4)
Top of the 1st over - 0 run(s), 1 hit(s), 0 error(s), 1 left on base; Spokane 0 - Mexico City 0
BOTTOM OF THE 1ST
Mexico City Cerveceros batting - Pitching for Spokane Trappers : RHP Andrew Kirk
Pitching: RHP Andrew Kirk
Batting: LHB Kevin Beasley 0-0: Called Strike
0-1: Ball
1-1: Ground out 4-3 (Groundball, 4)
Batting: RHB Iván Gonzáles 0-0: Foul Ball, location: 2F
0-1: Ball
1-1: Ball
2-1: Fly out, F7 (Flyball, 78M)
Batting: LHB Robinson Fernández 0-0: Called Strike
0-1: Ground out 6-3 (Groundball, 6M)
Bottom of the 1st over - 0 run(s), 0 hit(s), 0 error(s), 0 left on base; Spokane 0 - Mexico City 0
TOP OF THE 2ND
Spokane Trappers batting - Pitching for Mexico City Cerveceros : RHP Thomas Hughes
Batting: LHB José Feliciano 0-0: Ground out 6-3 (Groundball, 6MS)
Batting: RHB Ramiro Ross 0-0: Swinging Strike
0-1: Foul Ball, location: 2F
0-2: Ball
1-2: Foul Ball, location: 2F
1-2: SINGLE (Line Drive, 6MD)
Batting: RHB Hyo-sang Yu 0-0: Ball
1-0: Fly out, F9 (Flyball, 9M)
Batting: LHB Jaime Padilla 0-0: SINGLE (Groundball, 34D)
Ramiro Ross to second
Runner from 2nd tries for 3rd, SAFE, throw made to third
Batting: RHB Todd Rockburn 0-0: Fly out, F9 (Flyball, 9LM)
Top of the 2nd over - 0 run(s), 2 hit(s), 0 error(s), 2 left on base; Spokane 0 - Mexico City 0
BOTTOM OF THE 2ND
Mexico City Cerveceros batting - Pitching for Spokane Trappers : RHP Andrew Kirk
Batting: RHB Rafael Rincón 0-0: Ball
1-0: Ball
2-0: Called Strike
2-1: Ball
3-1: Fly out, F7 (Flyball, 7LD)
Batting: RHB Dave Morgan 0-0: Called Strike
0-1: Ball
1-1: Swinging Strike
1-2: Foul Ball, location: 2F
1-2: Foul Ball, location: 2F
1-2: SINGLE (Groundball, 2L) (infield hit)
Batting: LHB Brandon Cummings 0-0: Ball
1-0: Foul Ball, location: 2F
1-1: Called Strike
1-2: Strikes out swinging
Batting: LHB Jesús Núñez 0-0: Foul Ball, location: 2F
0-1: Ball
1-1: DOUBLE (Line Drive, 89D)
Dave Morgan to third
Batting: RHB Dennis Stephenson 0-0: Fly out, F8 (Flyball, 8LXD)
Bottom of the 2nd over - 0 run(s), 2 hit(s), 0 error(s), 2 left on base; Spokane 0 - Mexico City 0
TOP OF THE 3RD
Spokane Trappers batting - Pitching for Mexico City Cerveceros : RHP Thomas Hughes
Batting: LHB Henry Leroux 0-0: Ball
1-0: Called Strike
1-1: SINGLE (Line Drive, 7S)
Batting: RHB John Craig 0-0: Ball
1-0: Called Strike
1-1: Ball
2-1: Fly out, F9 (Popup, 9LS)
Batting: LHB Colin Ives 0-0: Ball
1-0: Foul Ball, location: 2F
1-1: Foul Ball, location: 2F
1-2: Ball
2-2: DOUBLE (Line Drive, 3L)
Henry Leroux to third
Runner from 3rd tries for Home, SAFE, no throw or cutoff
Batting: SHB Esteban Silva 0-0: Fly out, F9 (Flyball, 89XD)
Runner from 2nd tags up, SAFE at 3rd, no throw
Batting: LHB José Feliciano 0-0: Ball
1-0: Called Strike
1-1: Ball
2-1: Ground out 6-3 (Groundball, 6M)
Top of the 3rd over - 1 run(s), 2 hit(s), 0 error(s), 1 left on base; Spokane 1 - Mexico City 0
BOTTOM OF THE 3RD
Mexico City Cerveceros batting - Pitching for Spokane Trappers : RHP Andrew Kirk
Batting: RHB Arthur Dumais 0-0: Ball
1-0: Ball
2-0: Ball
3-0: Called Strike
3-1: Base on Balls
Batting: LHB Kevin Beasley 0-0: Swinging Strike
0-1: Ball
1-1: Ball
2-1: Ball
3-1: Foul Ball, location: 2F
3-2: Grounds into double play, U4-3 (Groundball, 4M)
Batting: RHB Iván Gonzáles 0-0: Called Strike
0-1: Ball
1-1: Ball
2-1: Fly out, F4 (Popup, 4D)
Bottom of the 3rd over - 0 run(s), 0 hit(s), 0 error(s), 0 left on base; Spokane 1 - Mexico City 0
TOP OF THE 4TH
Spokane Trappers batting - Pitching for Mexico City Cerveceros : RHP Thomas Hughes
Batting: RHB Ramiro Ross 0-0: Called Strike
0-1: Fly out, F9 (Flyball, 9M)
Batting: RHB Hyo-sang Yu 0-0: Called Strike
0-1: Foul Ball, location: 2F
0-2: Ball
1-2: Foul Ball, location: 2F
1-2: Foul Ball, location: 2F
1-2: Foul Ball, location: 2F
1-2: Ball
2-2: Foul Ball, location: 2F
2-2: SINGLE (Line Drive, 7S)
Batting: LHB Jaime Padilla 0-0: Ball
1-0: SINGLE (Line Drive, 6MD)
Hyo-sang Yu to second
Batting: RHB Todd Rockburn 0-0: Called Strike
0-1: Ground out 5-3 (Groundball, 5S)
Hyo-sang Yu to third
Jaime Padilla to second
Batting: LHB Henry Leroux 0-0: Foul Ball, location: 2F
0-1: Foul Ball, location: 2F
0-2: Strikes out swinging
Top of the 4th over - 0 run(s), 2 hit(s), 0 error(s), 2 left on base; Spokane 1 - Mexico City 0
BOTTOM OF THE 4TH
Mexico City Cerveceros batting - Pitching for Spokane Trappers : RHP Andrew Kirk
Batting: LHB Robinson Fernández 0-0: Called Strike
0-1: Ball
1-1: Ball
2-1: Ball
3-1: Base on Balls
Batting: RHB Rafael Rincón 0-0: Ball
1-0: DOUBLE (Line Drive, 8LXD)
Robinson Fernández to third
Batting: RHB Dave Morgan 0-0: Fly out, F7 (Flyball, 7LM)
Batting: LHB Brandon Cummings 0-0: Called Strike
0-1: Ball
1-1: Called Strike
1-2: Ball
2-2: Fly out, F8 (Flyball, 8RD)
Runner from 3rd tags up, SCORES, no throw
Rafael Rincón to third
Batting: LHB Jesús Núñez 0-0: Ball
1-0: Called Strike
1-1: Ball
2-1: Ball
3-1: Base on Balls
Batting: RHB Dennis Stephenson 0-0: Ball
1-0: Foul Ball, location: 2F
1-1: Ball
2-1: Called Strike
2-2: Ball
3-2: Foul Ball, location: 2F
3-2: Base on Balls
Jesús Núñez to second
Batting: RHB Arthur Dumais 0-0: Ball
1-0: Ball
2-0: Ball
3-0: Base on Balls
Rafael Rincón scores
Jesús Núñez to third
Dennis Stephenson to second
Batting: LHB Kevin Beasley 0-0: Ball
1-0: Called Strike
1-1: SINGLE (Groundball, 3D)
Jesús Núñez scores
Dennis Stephenson to third
Arthur Dumais to second
Pitching: RHP José Navarro
Batting: RHB Iván Gonzáles 0-0: SINGLE (Groundball, 34D)
Dennis Stephenson scores
Arthur Dumais to third
Kevin Beasley to second
Runner from 3rd tries for Home, SAFE, no throw or cutoff
Batting: LHB Robinson Fernández 0-0: Ball
1-0: SINGLE (Line Drive, 7LS)
Kevin Beasley to third
Iván Gonzáles to second
Runner from 3rd tries for Home, SAFE, no throw or cutoff
Batting: RHB Rafael Rincón 0-0: Called Strike
0-1: Fly out, F8 (Flyball, 8RM)
Bottom of the 4th over - 6 run(s), 4 hit(s), 0 error(s), 2 left on base; Spokane 1 - Mexico City 6
TOP OF THE 5TH
Spokane Trappers batting - Pitching for Mexico City Cerveceros : RHP Thomas Hughes
Batting: RHB John Craig 0-0: Swinging Strike
0-1: Ball
1-1: Swinging Strike
1-2: Strikes out looking
Batting: LHB Colin Ives 0-0: Called Strike
0-1: Hit by Pitch
Batting: SHB Esteban Silva 0-0: Called Strike
0-1: Ball
1-1: Ball
2-1: Grounds out, U3 (Groundball, 3L)
Batting: LHB José Feliciano 0-0: Called Strike
0-1: Fly out, F8 (Flyball, 78S)
Top of the 5th over - 0 run(s), 0 hit(s), 0 error(s), 1 left on base; Spokane 1 - Mexico City 6
BOTTOM OF THE 5TH
Mexico City Cerveceros batting - Pitching for Spokane Trappers : RHP José Navarro
Batting: RHB Dave Morgan 0-0: Called Strike
0-1: Foul Ball, location: 2F
0-2: Strikes out swinging
Batting: LHB Brandon Cummings 0-0: Called Strike
0-1: Ball
1-1: Ball
2-1: Ground out 4-3 (Groundball, 4)
Batting: LHB Jesús Núñez 0-0: Called Strike
0-1: Ball
1-1: Swinging Strike
1-2: Foul Ball, location: 2F
1-2: Strikes out swinging
Bottom of the 5th over - 0 run(s), 0 hit(s), 0 error(s), 0 left on base; Spokane 1 - Mexico City 6
TOP OF THE 6TH
Spokane Trappers batting - Pitching for Mexico City Cerveceros : RHP Thomas Hughes
Batting: RHB Ramiro Ross 0-0: Ball
1-0: SINGLE (Line Drive, 34)
Batting: RHB Hyo-sang Yu 0-0: Ball
1-0: Called Strike
1-1: Foul Ball, location: 2F
1-2: Ball
2-2: Fly out, F4 (Popup, 4M)
Batting: LHB Jaime Padilla 0-0: Called Strike
0-1: SINGLE (Groundball, 13) (infield hit)
Ramiro Ross to second
Batting: RHB Todd Rockburn 0-0: Called Strike
0-1: Ball
1-1: Ball
2-1: Ball
3-1: Base on Balls
Ramiro Ross to third
Jaime Padilla to second
Batting: LHB Henry Leroux 0-0: Fly out, F8 (Flyball, 8LD)
Runner from 3rd tags up, SCORES, no throw
Batting: RHB John Craig 0-0: Called Strike
0-1: Ball
1-1: Fielders Choice at 2nd, 5-4 (Groundball, 56)
Top of the 6th over - 1 run(s), 2 hit(s), 0 error(s), 1 left on base; Spokane 2 - Mexico City 6
BOTTOM OF THE 6TH
Mexico City Cerveceros batting - Pitching for Spokane Trappers : RHP José Navarro
Batting: RHB Dennis Stephenson 0-0: Ball
1-0: Called Strike
1-1: Ball
2-1: Foul Ball, location: 2F
2-2: Ball
3-2: SINGLE (Groundball, 6)
Batting: RHB Arthur Dumais 0-0: Ball
1-0: Ball
2-0: SINGLE (Groundball, 34D)
Dennis Stephenson to second
Batting: LHB Kevin Beasley 0-0: Called Strike
0-1: Ball
1-1: Foul Ball, location: 2F
1-2: Ball
2-2: Ball
3-2: Fly out, F6 (Popup, 6MS)
Batting: RHB Iván Gonzáles 0-0: Grounds into double play, 6-4-3 (Groundball, 6)
Bottom of the 6th over - 0 run(s), 2 hit(s), 0 error(s), 1 left on base; Spokane 2 - Mexico City 6
TOP OF THE 7TH
Spokane Trappers batting - Pitching for Mexico City Cerveceros : RHP Thomas Hughes
Batting: LHB Colin Ives 0-0: Foul Ball, location: 2F
0-1: Called Strike
0-2: Fly out, F3 (Line Drive, 3S)
Batting: SHB Esteban Silva 0-0: Foul Ball, location: 2F
0-1: Ball
1-1: Ball
2-1: Ground out 3-1 (Groundball, 34)
Batting: LHB José Feliciano 0-0: Called Strike
0-1: SOLO HOME RUN (Flyball, 7D), Distance : 344 ft
Batting: RHB Ramiro Ross 0-0: Ball
1-0: Foul Ball, location: 2F
1-1: Called Strike
1-2: Strikes out swinging
Top of the 7th over - 1 run(s), 1 hit(s), 0 error(s), 0 left on base; Spokane 3 - Mexico City 6
BOTTOM OF THE 7TH
Mexico City Cerveceros batting - Pitching for Spokane Trappers : RHP José Navarro
Pitching: RHP Edgardo Martínez
Batting: LHB Robinson Fernández 0-0: Ball
1-0: Swinging Strike
1-1: Foul Ball, location: 2F
1-2: Ball
2-2: Strikes out swinging
Batting: RHB Rafael Rincón 0-0: Called Strike
0-1: SOLO HOME RUN (Line Drive, 7D), Distance : 365 ft
Batting: RHB Dave Morgan 0-0: Ball
1-0: Called Strike
1-1: Foul Ball, location: 2F
1-2: Ball
2-2: Ball
3-2: Base on Balls
Batting: LHB Brandon Cummings 0-0: Called Strike
0-1: Ball
1-1: Swinging Strike
1-2: Strikes out swinging
Batting: LHB Jesús Núñez 0-0: Fly out, F8 (Flyball, 8LM)
Bottom of the 7th over - 1 run(s), 1 hit(s), 0 error(s), 1 left on base; Spokane 3 - Mexico City 7
TOP OF THE 8TH
Spokane Trappers batting - Pitching for Mexico City Cerveceros : RHP Thomas Hughes
Pitching: RHP Jared Cameron
Batting: RHB Hyo-sang Yu 0-0: Ball
1-0: Swinging Strike
1-1: Ball
2-1: Ball
3-1: Foul Ball, location: 2F
3-2: Strikes out swinging
Batting: LHB Jaime Padilla 0-0: Ground out 5-3 (Groundball, 5S)
Batting: RHB Todd Rockburn 0-0: Called Strike
0-1: Foul Ball, location: 2F
0-2: Foul Ball, location: 2F
0-2: Ball
1-2: Foul Ball, location: 2F
1-2: Strikes out swinging
Top of the 8th over - 0 run(s), 0 hit(s), 0 error(s), 0 left on base; Spokane 3 - Mexico City 7
BOTTOM OF THE 8TH
Mexico City Cerveceros batting - Pitching for Spokane Trappers : RHP Edgardo Martínez
Batting: RHB Dennis Stephenson 0-0: Called Strike
0-1: Foul Ball, location: 2F
0-2: Ball
1-2: Strikes out swinging
Batting: RHB Arthur Dumais 0-0: Called Strike
0-1: Ball
1-1: Called Strike
1-2: Ground out 6-3 (Groundball, 6)
Batting: LHB Kevin Beasley 0-0: Called Strike
0-1: Foul Ball, location: 2F
0-2: Ground out 1-3 (Groundball, 23)
Bottom of the 8th over - 0 run(s), 0 hit(s), 0 error(s), 0 left on base; Spokane 3 - Mexico City 7
TOP OF THE 9TH
Spokane Trappers batting - Pitching for Mexico City Cerveceros : RHP Jared Cameron
Batting: LHB Henry Leroux 0-0: Called Strike
0-1: Ball
1-1: Foul Ball, location: 2F
1-2: Foul Ball, location: 2F
1-2: Ball
2-2: Strikes out swinging
Batting: RHB John Craig 0-0: Called Strike
0-1: Swinging Strike
0-2: Fly out, F6 (Popup, 6M)
Batting: LHB Colin Ives 0-0: Called Strike
0-1: Ball
1-1: Ground out 3-1 (Groundball, 34)
Top of the 9th over - 0 run(s), 0 hit(s), 0 error(s), 0 left on base; Spokane 3 - Mexico City 7
This league is powered by Out of the Park Baseball, the baseball management simulation game for PC, Mac and Linux
Saturday, April 9th, 2016 - OOTP Baseball 16.8 Build 38